 Dungeon Crawl Stone Soup version 0.31.0-11-ge490571c62 (webtiles) character file.

Game seed: 10442198327942388966

283 Minsecho the Ducker (level 6, -1/32 HPs)
             Began as a Spriggan Monk on Jan 29, 2024.
             Slain by Natasha (6 damage)
             ... on level 4 of the Dungeon.
             The game lasted 00:09:17 (3646 turns).

Minsecho the Ducker (Spriggan Monk)                 Turns: 3646, Time: 00:09:18

Health: -1/32      AC:  2    Str:  9    XL:     6   Next: 7%
Magic:  7/7        EV: 19    Int: 12    God:
Gold:   6          SH:  0    Dex: 17    Spells: 5/5 levels left

rFire   . .          .
                       - Unarmed
rCold   . . .        c - orb {light}
rNeg    . . .        a - +0 robe
rPois   .            (helmet restricted)
rElec   .            (no cloak)
rCorr   .            (gloves unavailable)
SInv    +            (boots unavailable)
Will    +....        (no amulet)
Stlth   +            (no ring)
HPRegen 0.25/turn    (no ring)
MPRegen 0.10/turn

%: no passive effects
@: about to teleport, glowing, very quick
A: very small, no large weapons, unfitting armour, see invisible, speed 3
a: no special abilities


You were on level 4 of the Dungeon.
You visited 1 branch of the dungeon, and saw 5 of its levels.

You collected 123 gold pieces.
You spent 117 gold pieces at shops.

Inventory:

Armour
 a - a +0 robe (worn)
 c - an orb of light (worn)
Jewellery
 o - a ring of resist corrosion
Scrolls
 b - a scroll of enchant weapon {unknown}
 f - 2 scrolls of immolation {unknown}
 g - 2 scrolls of identify {unknown}
 i - a scroll of revelation {unknown}
 j - 2 scrolls of teleportation
 k - a scroll of amnesia {unknown}
 l - 2 scrolls of silence {unknown}
 q - a scroll of noise {unknown}
Potions
 d - a potion of might {unknown}
 e - a potion of heal wounds {unknown}
 h - 2 potions of berserk rage {unknown}
 m - 3 potions of curing {unknown}


   Skills:
 + Level 2.8 Fighting
 + Level 5.3 Dodging
 + Level 4.9 Unarmed Combat


You had 5 spell levels left.
You didn't know any spells.
Your spell library was empty.

Dungeon Overview and Level Annotations

Branches:
Dungeon (5/15)
 Temple: D:4-7

Altars:
Zin

Shops:
D:4 !

Annotations:
D:3 1 runed translucent door, Crazy Yiuf
D:4 Natasha


Innate Abilities, Weirdness & Mutations

You are very small and have problems with some larger weapons.
You are too small for most types of armour.
You have supernaturally acute eyesight. (SInv)
You cover ground extremely quickly. (Speed+++)


Message History

There is a stone staircase leading down here.
You climb downwards.
Found a ruby potion.
There is a stone staircase leading up here.
You hit the sleepcap.
The sleepcap is lightly damaged.
The sleepcap completely misses you.
You hit the sleepcap.
The sleepcap is moderately damaged.
The sleepcap barely misses you.
You hit the sleepcap.
The sleepcap is moderately damaged.
The sleepcap releases spores at you.
You hit the sleepcap but do no damage.
The sleepcap is moderately damaged.
The sleepcap releases spores at you.
You are engulfed in a cloud of soporific spores!
You fall asleep.
The sleepcap releases spores at you!!
You wake up.
Ouch! That really hurt!
* * * LOW HITPOINT WARNING * * *
You punch the sleepcap!
The sleepcap is heavily damaged.
The sleepcap releases spores at you!
* * * LOW HITPOINT WARNING * * *
e - a ruby potion
There are no items here.
There is a stone staircase leading up here.
You climb upwards.
Level annotation: Natasha
There is a stone staircase leading down here.
You start resting.
An ogre is nearby!
Natasha hisses angrily.
Natasha barely misses you.
As you read the scroll labelled ILYTA LEUGUIRA, it crumbles to dust.
You feel strangely unstable.
It was a scroll of teleportation.
Natasha claws you.
You die...
Natasha curls up and begins to purr.

.#...#...#...#....#.[..#.###.#...
..#.#.#.#.#.#.....#...###...##.##
5.#.#.#.#.#.#....#.###.#....#....
..#.#.#.#.#.#...###...#.....#####
...#...#...#.###.#..O.#....## #.
...#...#...##...#..>..#...## ###.
####...#...#....#....#.###.###...
#####.#.#.#.....#...###...#.##.##
..# #.#.#.#....#@###.#....#....#
..#.#.#.#.#...###h..#.....#.#.##
....##...#.###.#....#....####.#
...###...##...#.....#...## #..#
..## #...#....#....#.#### #.##
..# ##.#.....#...##########.####
..# #.#....#.###...............
### #.#...#### #########.##...
.#.#### ##.#..##


You could see an ogre and Natasha.

Vanquished Creatures
  A howler monkey (D:2)
  A bombardier beetle (D:4)
  Natasha (twice) (D:4)
  A scorpion zombie (D:2)
  A hound skeleton (D:2)
  5 adders
  An adder zombie (D:2)
  A dart slug (D:1)
  A ribbon worm (D:2)
  3 orcs
  7 ball pythons
  12 bats
  A bat skeleton (D:2)
  2 endoplasms (D:1)
  2 giant cockroaches
  10 goblins
  9 hobgoblins
  2 quokkas
  2 ball python skeletons (D:2)
  A ball python zombie (D:2)
  3 frilled lizards
  A jackal zombie (D:2)
  2 kobolds (D:3)
  2 quokka skeletons (D:2)
  A quokka zombie (D:2)
  4 rats
78 creatures vanquished.

Notes
Turn   | Place    | Note
-------+----------+-------------------------------------------
     0 | D:1      | Minsecho the Spriggan Monk began the quest for the Orb.
     0 | D:1      | Reached XP level 1. HP: 11/11 MP: 2/2
   398 | D:1      | Reached XP level 2. HP: 14/16 MP: 3/3
   843 | D:2      | Reached XP level 3. HP: 17/19 MP: 4/4
   970 | D:2      | Reached XP level 4. HP: 23/23 MP: 5/5
   999 | D:2      | Found a faded altar of an unknown god.
  1620 | D:3      | Reached XP level 5. HP: 28/28 MP: 6/6
  1813 | D:3      | Found a glowing silver altar of Zin.
  2340 | D:3      | Found a runed translucent door.
  2341 | D:3      | Noticed Crazy Yiuf
  2804 | D:4      | Reached skill level 5 in Dodging
  2910 | D:4      | Noticed an ogre
  2982 | D:4      | Noticed Natasha
  2998 | D:4      | Killed Natasha
  3072 | D:4      | Noticed an ogre
  3203 | D:4      | Found Qicvea Vaoc's Distillery.
  3215 | D:4      | Bought a potion of ambrosia for 104 gold pieces
  3287 | D:4      | Noticed Natasha
  3296 | D:4      | Killed Natasha
  3297 | D:4      | Reached XP level 6. HP: 32/32 MP: 7/7
  3413 | D:4      | Noticed Natasha
  3524 | D:4      | Bought a potion of degeneration for 13 gold pieces
  3618 | D:5      | Entered Level 5 of the Dungeon
  3625 | D:5      | HP: 1/32 [sleepcap (8)]
  3646 | D:4      | Slain by Natasha

Illustrated notes

Levels and vault maps discovered:
D:1:      amcnicky_arrival_feature_with_door, layout_basic
D:2:      layout_loops_ring, serial_undead, serial_undead_a, serial_undead_a,
          serial_undead_b, serial_undead_f, serial_undead_c, serial_undead_a,
          serial_undead_b, hellmonk_ecumenical_altar_heavens_door
D:3:      layout_basic, zin_statuary, minmay_goblin_outpost,
          uniq_crazy_yiuf_cottage
D:4:      nicolae_BIG_FREAKIN_CUBE, layout_rooms, mainiacjoe_overflow_brackets,
          serial_shops, shop, uniq_natasha
D:5:      layout_loops_ring, nemelex_diamond_rough_becter,
          kennysheep_slug_shrine

Skill      XL: |  1  2  3  4  5 |
---------------+----------------+-----
Unarmed Combat | 3 4 |  4.9
Dodging        | 5 |  5.3
Fighting       | |  2.8

Action                     |  1- 3 |  4- 6 || total
---------------------------+-------+-------++-------
  Melee: Unarmed           |   137 |   224 ||   361
  Throw: Dart              |       |     3 ||     3
    Use: Potion            |     1 |     1 ||     2
         Scroll            |       |     1 ||     1
 Armour: Robe              |    33 |    63 ||    96
  Dodge: Dodged            |   126 |   208 ||   334
